 Dungeon Crawl Stone Soup version 0.16.2-12-gd0ad4c3 (webtiles) character file.

55666 faibistes the Eclecticist (level 14, -8/82 HPs)
             Began as a Deep Elf Wizard on Dec 18, 2018.
             Was the Champion of Sif Muna.
             Killed from afar by faibistes' ghost (37 damage)
             ... with a fireball
             ... on level 8 of the Lair of Beasts.
             The game lasted 02:01:42 (35896 turns).

faibistes the Eclecticist (Deep Elf Wizard)        Turns: 35896, Time: 02:01:42

Health: -8/82      AC: 12    Str:  4    XL:     14   Next: 39%
Magic:  5/38       EV: 17    Int: 29    God:    Sif Muna [******]
Gold:   1102       SH:  0    Dex: 13    Spells: 12 memorised, 2 levels left

rFire  . . .     SeeInvis .     X - staff of poison
rCold  . . .     Clarity  .     I - +1 robe {MR+}
rNeg   + . .     SustAb   .     (no shield)
rPois  +         Gourm    .     p - +2 helmet
rElec  .         Spirit   .     A - +2 cloak
rCorr  .         Warding  +     (no gloves)
rMut   .         Stasis   .     y - +0 pair of boots
MR     ++...                    j - amulet of warding
Stlth  ++........               H - ring of wizardry
                                m - +2 ring of protection

@: repel missiles, very resistant to hostile enchantments, unstealthy
A: no striking features
a: Channel Energy, Forget Spell, Renounce Religion


You were on level 8 of the Lair of Beasts.
You worshipped Sif Muna.
Sif Muna was exalted by your worship.
You were hungry.

You visited 3 branches of the dungeon, and saw 21 of its levels.
You also visited: Sewer.

You collected 1102 gold pieces.

Inventory:

Hand weapons
 w - a +3 dagger of venom
Armour
 p - a +2 helmet (worn)
 y - a +0 pair of boots (worn)
 A - a +2 cloak (worn)
 I - a +1 robe of magic resistance (worn)
Magical staves
 X - an uncursed staff of poison (weapon)
Jewellery
 a - an uncursed ring of stealth
 j - an amulet of warding (around neck)
 k - an uncursed ring of see invisible
 m - a +2 ring of protection (left hand)
 q - an uncursed ring of protection from magic
 H - a ring of wizardry (right hand)
 N - an uncursed ring of protection from cold
Magical devices
 n - a wand of confusion (30)
 o - a wand of invisibility (5)
 B - a wand of paralysis (4)
 C - a wand of digging (20)
 J - a wand of polymorph (9)
 K - a wand of teleportation (7)
 M - a wand of confusion (23)
 R - a wand of frost (23)
 U - a wand of lightning (3)
 V - a wand of draining (0)
 W - a wand of fire (0)
 Z - a wand of flame (23)
Scrolls
 h - 3 scrolls of fear
 i - 5 scrolls of teleportation
 l - 3 scrolls of blinking
 x - 3 scrolls of magic mapping
 D - 3 scrolls of fog
 F - 6 scrolls of recharging
 S - 2 scrolls of summoning
Potions
 b - a potion of ambrosia
 c - 2 potions of cure mutation
 e - 6 potions of magic
 f - 2 potions of heal wounds
 s - 3 potions of brilliance
 t - 6 potions of curing
 v - 4 potions of might
 z - 4 potions of haste
 G - 4 potions of flight
 L - 2 potions of cancellation
 Q - a potion of invisibility
 T - 2 potions of lignification
 Y - 3 potions of restore abilities
Comestibles
 d - 19 bread rations
 g - 3 poisonous chunks of flesh
 r - 4 chunks of flesh
 u - 3 royal jellies
 E - 5 slices of pizza
 P - 5 meat rations


   Skills:
 + Level 7.3 Fighting
 - Level 10.0 Dodging
 - Level 2.4 Stealth
 * Level 15.6 Spellcasting
 + Level 8.7 Conjurations
 - Level 7.0 Charms
 - Level 1.1 Summonings
 - Level 7.0 Translocations
 + Level 8.5 Fire Magic
 - Level 3.0 Air Magic
 * Level 6.7 Earth Magic
 - Level 2.4 Poison Magic
 * Level 9.3 Invocations
 + Level 9.4 Evocations


You had 2 spell levels left.
You knew the following spells:

 Your Spells              Type           Power        Failure   Level  Hunger
a - Magic Dart            Conj           ####         1%          1    None
b - Conjure Flame         Conj/Fire      ######..     1%          3    None
c - Summon Forest         Summ/Tloc      #####.....   6%          5    None
d - Blink                 Tloc           N/A          1%          2    None
e - Mephitic Cloud        Conj/Pois/Air  ######..     1%          3    None
f - Repel Missiles        Chrm/Air       ######       1%          2    None
h - Phase Shift           Tloc           ######....   1%          5    None
i - Shroud of Golubria    Chrm/Tloc      ######....   1%          2    None
j - Passage of Golubria   Tloc           N/A          1%          4    None
v - Bolt of Magma         Conj/Fire/Erth ######....   1%          5    None
x - Force Lance           Conj/Tloc      ######..     1%          4    None
z - Iron Shot             Conj/Erth      ######....   6%          6    ###....


Dungeon Overview and Level Annotations

Branches:
Dungeon (12/15)            Temple (1/1) D:7            Lair (8/8) D:11
 Shoals (0/5) Lair:6        Snake (0/5) Lair:5        Slime (0/6) Lair:7
    Orc (0/4) D:11

Altars:
Ashenzari
Cheibriados
Dithmenos
Elyvilon
Fedhas
Gozag
Kikubaaqudgha
Makhleb
Nemelex Xobeh
Okawaru
Qazlal
Ru
Sif Muna
Trog
Vehumet
Xom
Yredelemnul
Zin
The Shining One
Jiyva

Shops:
D:5 (

Annotations:
Lair:8 faibistes' ghost, powerful DEWz


Message History

Press: ? - help, Shift-Dir - straight line, f/p - faibistes' ghost
Aim: faibistes' ghost, wielding a weapon of venom (noxious fumes, heavily damaged, repelling missiles)
The iron shot misses faibistes' ghost.
You are feeling hungry.
You are engulfed in a cloud of scalding steam.
The electric eel shoots out a bolt of lightning at you!
The bolt of electricity hits you!
The electric eel shoots out a bolt of lightning at you!
The bolt of electricity misses you.
Faibistes' ghost hits you but does no damage.
The electric eel shoots out a bolt of lightning at you!
The bolt of electricity misses you.
Faibistes' ghost points at you and mumbles some strange words.
The bolt of fire misses you.
A vampire mosquito comes into view.
There is a stone staircase leading up, spattered with blood here.
The vampire mosquito buzzes angrily.
Faibistes' ghost gestures at you while chanting.
The fireball explodes!
The fireball engulfs you!
You die...

.≈≈≈≈≈P≈≈≈≈
..≈≈≈≈≈≈≈≈≈≈≈
P.≈.P≈≈≈≈≈≈≈≈≈≈
≈...P≈≈≈≈≈≈PP≈.≈
.......;≈≈≈Py≈≈≈
P....P.....≈.≈≈≈≈
...≈...≈......≈...
....≈...≈§.......P
........W@.......P
.........†.......
................
...P............
......$........ .
........<.... .
P.......... .
......... ...


You could see a vampire mosquito, an electric eel and faibistes' ghost.

Vanquished Creatures
  Gastronok (D:8)
  Snorg (Lair:5)
  Fannar (D:11)
  4 hydras
  The ghost of faibistes the Thaumaturge, a powerful DEWz of Sif Muna (Lair:4)
  Erica (Lair:1)
  9 death yaks
  Nergalle (D:10)
  The ghost of faibistes the Thaumaturge, an experienced DEWz of Sif Muna (D:11)
  Pikel (D:5)
  A griffon (Lair:5)
  2 hill giants (D:10)
  A cyclops (D:12)
  A manticore (D:7)
  An ugly thing (D:10)
  10 elephants
  A black mamba (Lair:7)
  16 spiny frogs
  A queen ant (Lair:3)
  Psyche (D:8)
  A fire drake (Lair:4)
  11 komodo dragons
  2 trolls
  A merfolk (Lair:6)
  A two-headed ogre (D:12)
  Prince Ribbit (D:8)
  5 blink frogs
  2 giant leeches (Lair:7)
  6 basilisks
  A shadow (D:6)
  A wraith (D:10)
  A wyvern (Lair:5)
  41 yaks
  A hungry ghost (D:11)
  7 hippogriffs
  A mottled dragon (D:10)
  3 nagas (Lair:5)
  14 soldier ants (Lair:3)
  Menkaure (D:6)
  7 vampire mosquitoes
  2 phantoms
  13 water moccasins
  11 ice beasts
  11 porcupines
  6 sky beasts
  4 wolves (Lair:1)
  4 orc warriors
  3 black bears
  A necrophage (D:10)
  A slave (D:5)
  10 ogres
  A boring beetle (Lair:6)
  9 crocodiles
  4 centaurs
  Sigmund (D:7)
  Duvessa (D:8)
  Blork the orc (D:5)
  29 giant frogs
  4 electric eels
  3 scorpions
  A quasit (D:10)
  3 killer bees (D:10)
  2 centaur zombies
  2 goliath beetles
  Dowan (D:8)
  2 crimson imps
  5 jellies
  12 iguanas
  10 hounds
  7 hell rats (Lair:1)
  10 orc priests
  23 worker ants
  9 orc wizards
  9 sheep (Lair:4)
  3 hound skeletons
  A hound zombie (D:7)
  60 river rats
  A shadow imp (D:7)
  22 adders
  A giant mite (D:1)
  5 worms
  3 adder skeletons
  An ooze (Sewer)
  43 orcs
  16 ball pythons
  12 bats
  A bat skeleton (D:7)
  8 giant cockroaches
  11 hobgoblins
  22 jackals
  17 kobolds
  16 quokkas
  A ball python skeleton (D:5)
  7 giant geckos
  2 giant gecko skeletons
  2 giant gecko zombies
  6 giant newts
  16 goblins
  A jackal skeleton (D:4)
  48 rats
  A fungus (Lair:6)
706 creatures vanquished.

Vanquished Creatures (collateral kills)
  A hydra (Lair:3)
  2 blink frogs (Lair:5)
  A hippogriff (Lair:8)
  6 soldier ants (Lair:3)
  A crocodile (Lair:7)
  3 worker ants (Lair:3)
  5 river rats
  A giant mite (D:4)
  A bat (D:2)
  A giant cockroach (D:4)
  4 jackals (D:2)
  A giant newt (Sewer)
  A rat (Sewer)
  2 fungi
  3 plants
33 creatures vanquished.

Vanquished Creatures (others)
  A dryad (Lair:3)
  A centaur (D:5)
  A giant frog (D:5)
  An electric eel (Lair:6)
  A worm (D:5)
  A hobgoblin (D:5)
  A quokka (D:5)
  A spectral orc (D:10)
  48 fungi
  18 plants
  A snaplasher vine (Lair:3)
  768 snaplasher vine segments
843 creatures vanquished.

Grand Total: 1582 creatures vanquished

Notes
Turn   | Place    | Note
--------------------------------------------------------------
     0 | D:1      | faibistes, the Deep Elf Wizard, began the quest for the Orb.
     0 | D:1      | Reached XP level 1. HP: 10/10 MP: 6/6
   145 | D:1      | Reached XP level 2. HP: 15/15 MP: 7/10
   330 | D:1      | Learned a level 2 spell: Blink
   333 | D:1      | Learned a level 2 spell: Call Imp
   509 | D:1      | You fall through a shaft!
   529 | D:2      | Reached skill level 5 in Spellcasting
   986 | D:2      | Reached XP level 3. HP: 19/19 MP: 8/14
   991 | D:2      | Learned a level 3 spell: Conjure Flame
   995 | D:2      | Learned a level 3 spell: Mephitic Cloud
  2307 | D:2      | Reached XP level 4. HP: 24/24 MP: 3/17
  2327 | D:2      | Learned a level 2 spell: Repel Missiles
  2909 | D:4      | Found a glowing drain.
  2916 | Sewer    | Entered a sewer
  3134 | Sewer    | Reached skill level 6 in Spellcasting
  3141 | Sewer    | Reached XP level 5. HP: 28/28 MP: 3/20
  3881 | Sewer    | Noticed a giant frog
  3885 | Sewer    | Noticed a giant frog
  3937 | Sewer    | Killed a giant frog
  3990 | Sewer    | Killed a giant frog
  3990 | Sewer    | Reached skill level 7 in Spellcasting
  3990 | Sewer    | Reached XP level 6. HP: 25/32 MP: 10/23
  4155 | D:4      | Noticed an ogre
  4167 | D:4      | Killed an ogre
  4697 | D:3      | Reached skill level 1 in Evocations
  4818 | D:3      | Reached XP level 7. HP: 37/37 MP: 22/25
  4824 | D:3      | Reached skill level 1 in Fighting
  5660 | D:5      | Entered Level 5 of the Dungeon
  5675 | D:4      | Noticed a phantom
  5683 | D:4      | Killed a phantom
  5871 | D:4      | Noticed an ogre
  5883 | D:4      | Killed an ogre
  5883 | D:4      | Reached skill level 8 in Spellcasting
  6953 | D:5      | Noticed Pikel
  6976 | D:5      | Killed Pikel
  6976 | D:5      | Reached skill level 5 in Dodging
  6976 | D:5      | Reached skill level 9 in Spellcasting
  6976 | D:5      | Reached XP level 8. HP: 44/46 MP: 21/28
  7074 | D:5      | Found Ashraqaj's Weapon Shoppe.
  8076 | D:5      | Noticed Blork the orc
  8083 | D:5      | Killed Blork the orc
  8083 | D:5      | Reached skill level 10 in Spellcasting
  8417 | D:5      | Found a glowing golden altar of the Shining One.
  8562 | D:6      | Noticed Menkaure
  8570 | D:6      | Killed Menkaure
  8570 | D:6      | Reached XP level 9. HP: 19/52 MP: 22/30
  9322 | D:6      | Reached skill level 5 in Evocations
  9380 | D:6      | Found a radiant altar of Vehumet.
  9706 | D:6      | Reached skill level 5 in Fighting
 10250 | D:7      | Reached skill level 11 in Spellcasting
 10453 | D:7      | Found a deep blue altar of Sif Muna.
 10456 | D:7      | Became a worshipper of Sif Muna the Loreminder
 10465 | D:7      | Found a staircase to the Ecumenical Temple.
 10472 | Temple   | Entered the Ecumenical Temple
 11203 | D:8      | Noticed Prince Ribbit
 11203 | D:8      | Noticed Duvessa
 11203 | D:8      | Noticed Dowan
 11213 | D:8      | Killed Dowan
 11219 | D:8      | Killed Prince Ribbit
 11219 | D:8      | Reached skill level 1 in Fire Magic
 11219 | D:8      | Reached skill level 1 in Air Magic
 11227 | D:8      | Killed Duvessa
 11227 | D:8      | Reached skill level 5 in Conjurations
 11390 | D:7      | Found an opulent altar of Gozag.
 11390 | D:7      | Found a glowing silver altar of Zin.
 11451 | D:7      | Noticed a manticore
 11459 | D:7      | Reached skill level 1 in Poison Magic
 11521 | D:7      | Killed a manticore
 11521 | D:7      | Acquired Sif Muna's first power
 11521 | D:7      | Reached XP level 10. HP: 45/59 MP: 7/32
 11689 | D:7      | Noticed Sigmund
 11705 | D:7      | Killed Sigmund
 12581 | D:8      | Acquired Sif Muna's second power
 12691 | D:9      | Reached skill level 12 in Spellcasting
 12813 | D:10     | Entered Level 10 of the Dungeon
 13290 | D:8      | Noticed Gastronok
 13305 | D:8      | Killed Gastronok
 13305 | D:8      | Reached skill level 1 in Charms
 13517 | D:8      | Found a glowing golden altar of the Shining One.
 13520 | D:8      | Noticed Psyche
 13537 | D:8      | Killed Psyche
 14359 | D:8      | Found a shimmering altar of Xom.
 14360 | D:8      | Found an ancient bone altar of Kikubaaqudgha.
 14926 | D:9      | Reached XP level 11. HP: 64/64 MP: 25/34
 16298 | D:10     | Noticed a hill giant
 16310 | D:10     | Killed a hill giant
 16632 | D:11     | Noticed Nergalle
 16692 | D:10     | Killed Nergalle
 16692 | D:10     | Reached skill level 5 in Fire Magic
 17044 | D:11     | Noticed a hill giant
 17060 | D:10     | Killed a hill giant
 17336 | D:11     | Noticed faibistes' ghost (experienced DEWz)
 17349 | D:11     | Killed faibistes' ghost
 17349 | D:11     | Reached skill level 13 in Spellcasting
 17711 | D:11     | Found a staircase to the Orcish Mines.
 17745 | D:11     | Noticed Fannar
 17758 | D:11     | Killed Fannar
 18109 | D:11     | Found a staircase to the Lair.
 18436 | Lair:1   | Entered Level 1 of the Lair of Beasts
 18864 | Lair:1   | Acquired Sif Muna's third power
 19288 | Lair:1   | Reached skill level 5 in Invocations
 19603 | Lair:1   | Reached skill level 5 in Charms
 19784 | Lair:1   | Reached XP level 12. HP: 63/70 MP: 20/35
 19914 | Lair:3   | Noticed a six-headed hydra
 19919 | Lair:3   | Killed a six-headed hydra
 20075 | Lair:1   | Noticed Erica
 20097 | Lair:1   | Killed Erica
 21040 | Lair:2   | Reached skill level 5 in Translocations
 21084 | Lair:2   | Noticed a five-headed hydra
 21746 | Lair:2   | Killed a five-headed hydra
 22606 | Lair:3   | Noticed a six-headed hydra
 22620 | Lair:3   | Killed a six-headed hydra
 22648 | Lair:2   | Reached skill level 14 in Spellcasting
 22974 | Lair:2   | Learned a level 3 spell: Stone Arrow
 23515 | Lair:3   | Learned a level 5 spell: Summon Forest
 23531 | Lair:3   | Got a transparent helmet
 23542 | Lair:3   | Identified the cursed -6 helmet of the Mantidfly {rC- Str+7 Dex+4} (You found it on level 3 of the Lair of Beasts)
 24182 | Lair:4   | Identified a scroll of acquirement
 24256 | Lair:4   | Learned a level 4 spell: Force Lance
 24365 | Lair:3   | Reached skill level 1 in Earth Magic
 24999 | Lair:3   | Noticed a five-headed hydra
 25008 | Lair:3   | Killed a five-headed hydra
 25446 | Lair:3   | Learned a level 5 spell: Phase Shift
 25530 | Lair:3   | Reached XP level 13. HP: 63/75 MP: 20/37
 27204 | Lair:4   | Noticed faibistes' ghost (powerful DEWz)
 27221 | Lair:4   | Killed faibistes' ghost
 27301 | Lair:4   | Received a gift from Sif Muna
 27306 | Lair:4   | Learned a level 2 spell: Shroud of Golubria
 27316 | Lair:4   | Learned a level 4 spell: Passage of Golubria
 28645 | Lair:5   | Found a staircase to the Snake Pit.
 29926 | Lair:5   | Reached skill level 10 in Dodging
 30005 | Lair:5   | Reached skill level 15 in Spellcasting
 30331 | Lair:5   | Noticed Snorg
 30347 | Lair:5   | Killed Snorg
 31140 | Lair:6   | Reached skill level 5 in Earth Magic
 32033 | Lair:6   | Found a staircase to the Shoals.
 32256 | Lair:6   | Reached XP level 14. HP: 82/82 MP: 11/38
 32846 | Lair:7   | Found a staircase to the Slime Pits.
 32846 | Lair:7   | Found a viscous altar of Jiyva.
 33343 | Lair:8   | Entered Level 8 of the Lair of Beasts
 33366 | Lair:7   | Learned a level 5 spell: Venom Bolt
 33763 | Lair:7   | Received a gift from Sif Muna
 33791 | Lair:7   | Identified Edoul's Tome of Ashen Confrontation (Sif Muna gifted it to you on level 7 of the Lair of Beasts)
 33908 | Lair:2   | Learned a level 5 spell: Bolt of Magma
 33921 | Lair:2   | Learned a level 6 spell: Iron Shot
 34003 | Lair:8   | Noticed faibistes' ghost (powerful DEWz)
 34064 | Lair:7   | HP: 2/82 [river rat (8)]
 35896 | Lair:8   | Killed from afar by faibistes' ghost

Action                   |  1- 3 |  4- 6 |  7- 9 | 10-12 | 13-15 || total
-------------------------+-------+-------+-------+-------+-------++-------
Melee: Unarmed           |     4 |       |       |       |       ||     4
       Dagger            |       |     2 |    51 |   211 |       ||   264
       Staff             |       |       |       |    47 |    84 ||   131
 Cast: Magic Dart        |   114 |   156 |   424 |   730 |   152 ||  1576
       Call Imp          |     3 |     4 |       |       |       ||     7
       Blink             |     1 |     2 |     6 |    28 |     9 ||    46
       Mephitic Cloud    |     1 |    12 |    24 |    68 |    26 ||   131
       Repel Missiles    |       |     1 |     2 |     2 |       ||     5
       Conjure Flame     |       |     2 |    28 |   125 |    83 ||   238
       Stone Arrow       |       |       |       |    31 |    75 ||   106
       Force Lance       |       |       |       |    28 |   178 ||   206
       Summon Forest     |       |       |       |     5 |     8 ||    13
       Shroud of Golubri |       |       |       |       |     7 ||     7
       Phase Shift       |       |       |       |       |     6 ||     6
       Bolt of Magma     |       |       |       |       |    22 ||    22
       Iron Shot         |       |       |       |       |    18 ||    18
       Venom Bolt        |       |       |       |       |     1 ||     1
Invok: Channel Energy    |       |       |       |    15 |    71 ||    86
Evoke: Wand              |       |       |       |    11 |     1 ||    12
  Use: Scroll            |     3 |     1 |    13 |    20 |     9 ||    46
       Potion            |       |       |     1 |     7 |     3 ||    11
 Stab: Sleeping          |       |       |     2 |     5 |     1 ||     8
       Confused          |       |       |     4 |    11 |     2 ||    17
       Paralysed         |       |       |       |       |     5 ||     5
  Eat: Chunk             |     3 |     9 |    19 |    40 |    30 ||   101
       Fruit             |       |       |       |     5 |    10 ||    15
       Royal jelly       |       |       |       |     1 |       ||     1
       Beef jerky        |       |       |       |       |     3 ||     3
